 Dungeon Crawl Stone Soup version 0.30.1-4-g462c640d31 (webtiles) character file.

Game seed: 18298079361830520702

1026 spardeous the Conjurer (level 7, -5/50 HPs)
             Began as a Demigod Conjurer on Aug 31, 2023.
             Slain by an orc warrior
             ... wielding a +0 trident
              (9 damage)
             ... on level 6 of the Dungeon.
             The game lasted 00:04:13 (5140 turns).

spardeous the Conjurer (Demigod Conjurer)           Turns: 5140, Time: 00:04:13

Health: -5/50      AC:  6    Str: 12    XL:     7   Next: 72%
Magic:  15/19      EV: 10    Int: 24    God:
Gold:   272        SH:  0    Dex: 12    Spells: 7/17 levels left

rFire   . . .        w - +0 hand axe (flame)
rCold   . . .        (no shield)
rNeg    . . .        u - +0 ring mail
rPois   .            (no helmet)
rElec   .            (no cloak)
rCorr   +            g - +0 pair of gloves
SInv    +            (no boots)
Will    .....        l - amulet of magic regeneration
Stlth   +            m - ring of see invisible
HPRegen 0.28/turn    p - ring of resist corrosion
MPRegen 0.56/turn

%: no passive effects
@: brilliant
A: high MP 1, forlorn, divine attributes
a: no special abilities


You were on level 6 of the Dungeon.
You visited 1 branch of the dungeon, and saw 6 of its levels.

You collected 272 gold pieces.

Inventory:

Hand Weapons
 w - a +0 hand axe of flaming (weapon)
Armour
 a - a +0 robe
 g - a +0 pair of gloves (worn)
 n - the +4 scale mail of Space {rElec rN+}
   (You found it on level 3 of the Dungeon)

   rElec:     It insulates you from electricity.
   rN:        It protects you from negative energy.
 u - a +0 ring mail (worn)
Jewellery
 l - an amulet of magic regeneration (around neck)
 m - a ring of see invisible (left hand)
 p - a ring of resist corrosion (right hand)
Wands
 t - a wand of roots (15)
Scrolls
 c - 3 scrolls of noise {unknown}
 e - 2 scrolls of amnesia {unknown}
 f - 7 scrolls of identify {unknown}
 h - 2 scrolls of magic mapping {unknown}
 j - a scroll of blinking {unknown}
 o - a scroll of silence {unknown}
 r - a scroll of vulnerability {unknown}
 s - 2 scrolls of teleportation {unknown}
 v - a scroll of acquirement {unknown}
Potions
 b - a potion of magic
 d - 2 potions of brilliance
 i - 2 potions of attraction {unknown}
 k - 2 potions of ambrosia {unknown}
 q - 2 potions of heal wounds {unknown}
 x - a potion of mutation {unknown}
 z - 2 potions of lignification {unknown}


   Skills:
 - Level 1.7 Dodging
 - Level 1.7 Stealth
 + Level 5.7 Spellcasting
 + Level 7.0 Conjurations


You had 7 spell levels left.
You knew the following spells:

 Your Spells              Type           Power      Damage    Failure   Level
a - Magic Dart            Conj           100%       1d8       1%          1
b - Searing Ray           Conj           100%       2d8       1%          2
c - Iskenderun's Mystic   Conj/Tloc      35%        2d8       41%         4
d - Stone Arrow           Conj/Erth      70%        3d11      13%         3

Your spell library contained the following spells:

 Spells                   Type           Power      Damage    Failure   Level
 Dazzling Flash           Conj/Hex       70%        N/A       13%         3
 Fulminant Prism          Conj/Hex       17%        3d10      41%         4
 Animate Armour           Summ/Erth      20%        N/A       88%         4
 Lehudib's Crystal Spear  Conj/Erth      17%        10d5      100%        8


Dungeon Overview and Level Annotations

Branches:
Dungeon (6/15)
 Temple: D:4-7

Annotations:
D:4 Dowan, Duvessa


Innate Abilities, Weirdness & Mutations

You have an increased reservoir of magic. (+10% MP)
You shall have no god before yourself.
Your divine heritage dramatically boosts your attributes as you level up.


Message History

Casting: Searing Ray (safe; 1% risk of failure)
Confirm with . or Enter, or press ? or * to list all spells.
Aiming: Searing Ray (safe; 1% risk of failure)
Press: ? - help, Shift-Dir - straight line, f - orc warrior
Aim: an orc warrior, wielding a +0 trident and wearing a +0 plate armour (82% to hit)
The searing ray hits the orc warrior!
The orc warrior is moderately wounded. (Press . to maintain the ray.)
The orc warrior hits you from afar with a +0 trident.
You take 3 damage, and have 38/50 hp.
You now have 15/19 mp.
The searing ray hits the orc warrior but does no damage.
The orc warrior is moderately wounded.
The searing ray hits the orc wizard!
You kill the orc wizard!
The orc warrior hits you from afar with a +0 trident.
You take 6 damage, and have 32/50 hp.
You now have 14/19 mp.
The searing ray hits the orc warrior.
The orc warrior is heavily wounded.
The orc warrior hits you from afar with a +0 trident.
You take 3 damage, and have 29/50 hp.
The searing ray hits the orc warrior but does no damage.
The orc warrior is heavily wounded.
You finish channelling your searing ray.
You hear a shout!
An orc priest comes into view. It is wielding a +0 dagger.
The orc warrior hits you from afar with a +0 trident!
* * * LOW HITPOINT WARNING * * *
You take 11 damage, and have 18/50 hp.
MASSIVE DAMAGE!!
You now have 13/19 mp.
Casting: Searing Ray (safe; 1% risk of failure)
Confirm with . or Enter, or press ? or * to list all spells.
Okay, then.
The orc priest mumbles some strange prayers to Beogh against you.
Beogh smites you!
* * * LOW HITPOINT WARNING * * *
You take 14 damage, and have 4/50 hp.
MASSIVE DAMAGE!!
It was a potion of brilliance.
You feel clever all of a sudden.
The orc priest begins to cast a cantrip, but forgets the words!
The orc warrior hits you from afar with a +0 trident!
You die...

#......o.....# #...o........#
#..)..)......# #............#
#............#
#########............#
...........#o#########.##..######
...........#).)..# .............
........)..#..o.@# .............
.........).#.....# .............
.......)...#.....# .............
...........#.....# .............
...........#.....# .............
...........#.....# .............
...........###..######.####'####.
#######......##'##..##.####.####.
......#......#......#............


You could see an orc warrior and an orc priest.

Vanquished Creatures
  Grinder (D:5)
  2 black bears (D:6)
  A phantom (D:5)
  A bullfrog (D:6)
  A scorpion (D:6)
  2 hounds
  2 orc priests
  2 jellies
  2 iguanas
  3 orc wizards (D:6)
  7 adders
  A worm (D:2)
  A dart slug (D:2)
  15 orcs
  3 ball pythons
  2 bats (D:2)
  2 endoplasms (D:1)
  2 giant cockroaches (D:2)
  7 goblins
  2 hobgoblins
  3 quokkas
  4 frilled lizards
  5 kobolds
  19 rats
90 creatures vanquished.

Notes
Turn   | Place    | Note
-------+----------+-------------------------------------------
     0 | D:1      | spardeous the Demigod Conjurer began the quest for the Orb.
     0 | D:1      | Reached XP level 1. HP: 14/14 MP: 5/5
   732 | D:1      | Reached XP level 2. HP: 20/20 MP: 3/7
  1155 | D:2      | Reached skill level 4 in Conjurations
  1208 | D:2      | Learned a level 2 spell: Searing Ray
  1582 | D:2      | Reached XP level 3. HP: 26/26 MP: 2/9
  1937 | D:3      | Identified the +4 scale mail of Space {rElec rN+}
  2706 | D:4      | Noticed Dowan
  2707 | D:4      | Noticed Duvessa
  2720 | D:5      | Entered Level 5 of the Dungeon
  2791 | D:5      | Reached XP level 4. HP: 33/33 MP: 8/11
  3186 | D:5      | Noticed a phantom
  3191 | D:5      | Reached skill level 5 in Conjurations
  3191 | D:5      | Reached XP level 5. HP: 33/38 MP: 7/13
  3252 | D:5      | Learned a level 4 spell: Iskenderun's Mystic Blast
  3337 | D:5      | Noticed Grinder
  3348 | D:5      | Killed Grinder
  3349 | D:5      | Reached XP level 6. HP: 45/45 MP: 9/16
  3505 | D:5      | Reached skill level 6 in Conjurations
  4636 | D:6      | Learned a level 3 spell: Stone Arrow
  4682 | D:6      | Reached XP level 7. HP: 41/50 MP: 13/17
  4688 | D:6      | Reached skill level 5 in Spellcasting
  5077 | D:6      | Reached skill level 7 in Conjurations
  5140 | D:6      | Slain by an orc warrior

Illustrated notes

Levels and vault maps discovered:
D:1:      dpeg_arrival_pits, layout_basic, minmay_misc_feat_x,
          corexii_leaking_fountain
D:2:      layout_basic
D:3:      layout_loops_cross, mainiacjoe_overflow_surrounded_room,
          minmay_rat_hole
D:4:      layout_loops_corners, uniq_duvessa, uniq_natasha
D:5:      layout_cave_pods, okawaru_metal_pillars_1_2, nicolae_half_adder,
          uniq_grinder
D:6:      layout_gridville, chequers_temple_overflow_statue_of_worship

Skill      XL: |  1  2  3  4  5  6  7 |
---------------+----------------------+-----
Spellcasting   | 2 3 4 5 |  5.7
Conjurations   | 4 5 6 7 |  7.0
Dodging        | |  1.7
Stealth        | |  1.7

Action                     |  1- 3 |  4- 6 |  7- 9 || total
---------------------------+-------+-------+-------++-------
   Cast: Magic Dart        |    98 |    53 |    21 ||   172
         Searing Ray       |       |    10 |    10 ||    20
    Use: Potion            |       |       |     1 ||     1
 Armour: Robe              |     2 |       |       ||     2
         Ring mail         |       |    10 |    13 ||    23
  Dodge: Dodged            |     2 |    18 |    17 ||    37
